 Dungeon Crawl Stone Soup version 0.28-a0-1524-ge72afd5fc6 (webtiles) character file.

Game seed: 10717202518344426472

158 porpoise the Magician (level 5, 0/40 HPs)
             Began as a Djinni Conjurer on Jan 18, 2022.
             Slain by a phantom (4 damage)
             ... on level 4 of the Dungeon.
             The game lasted 00:07:47 (3304 turns).

porpoise the Magician (Djinni Conjurer)             Turns: 3304, Time: 00:07:48

Health: 0/40       AC:  2    Str:  8    XL:     5   Next: 66%
Gold:   280        EV: 12    Int: 19    God:
                   SH:  0    Dex: 12

rFire   + + .      SeeInvis .   a - +2 hand axe (elec)
rCold   x . .      Faith    .   (no shield)
rNeg    . . .      Spirit   .   c - +0 robe
rPois   ∞          Reflect  .   (no helmet)
rElec   .          Harm     .   (no cloak)
rCorr   .          Rampage  .   (no gloves)
Will    .....                   (boots unavailable)
Stlth   ++........              (no amulet)
HPRegen 0.13/turn               q - +4 ring of slaying
MPRegen 0.00/turn               (no ring)

@: flying
A: sickness immunity, fire resistance 2, cold vulnerability 1, float, innate
caster, hp casting, extra vitality 1
a: no special abilities


You were on level 4 of the Dungeon.
You visited 1 branch of the dungeon, and saw 4 of its levels.

You collected 280 gold pieces.

Inventory:

Hand Weapons
 a - a +2 hand axe of electrocution (weapon)
 i - a +0 short sword of draining
 p - a +2 dagger of venom
Missiles
 f - 129 stones
 g - 15 sling bullets
 h - 47 arrows
 k - 2 poisoned darts
 o - 2 boomerangs
 t - 5 silver javelins
Armour
 c - a +0 robe (worn)
Jewellery
 q - a +4 ring of slaying (left hand)
Wands
 s - a wand of iceblast (7)
 v - a wand of acid (14)
Scrolls
 j - a scroll of vulnerability {unknown}
 m - a scroll of silence {unknown}
 n - a scroll of fear {unknown}
Potions
 b - a potion of invisibility
 d - a potion of flight {unknown}
 e - a potion of mutation
 l - a potion of lignification {unknown}
 r - a potion of curing {unknown}
 u - a potion of cancellation {unknown}


   Skills:
 * Level 2.9 Fighting
 - Level 2.1 Dodging
 + Level 2.5 Stealth
 * Level 4.1 Spellcasting


You couldn't memorise any spells.
You knew the following spells:

 Your Spells              Type           Power      Damage    Failure   Level
a - Magic Dart            Conj           76%        1d6       2%          1
b - Searing Ray           Conj           38%        2d5       3%          2
c - Fulminant Prism       Conj/Hex       9%         3d7       24%         4
d - Iskenderun's Mystic   Conj/Tloc      19%        2d6       24%         4
h - Dazzling Flash        Conj/Hex       38%        N/A       8%          3
s - Shock                 Conj/Air       76%        1d7       2%          1
v - Poisonous Vapours     Pois/Air       38%        N/A       3%          2
Your spell library was empty.

Dungeon Overview and Level Annotations

Branches:
Dungeon (4/15)
 Temple: D:4-7

Altars:
Sif Muna

Shops:
D:3 ?


Innate Abilities, Weirdness & Mutations

You are immune to sickness and miasma.
You are immune to poison.
Your flesh is very heat resistant. (rF++)
You are vulnerable to cold. (rC-)
You float through the air rather than walking.
You learn spells naturally, not from books.
Your magical power is your life essence.
You have superior vitality. (+4 MHP)


Message History

Confirm with . or Enter, or press ? or * to list all spells.
Aiming: Searing Ray (safe; 3% risk of failure)
Press: ? - help, Shift-Dir - straight line, f/p - phantom
Aim: a phantom (moderately damaged, 69% to hit)
The searing ray hits the phantom.
The phantom is heavily damaged. (Press . to maintain the ray.)
The phantom hits you.
The phantom blinks!
You blink.
Casting: Searing Ray (safe; 3% risk of failure)
Confirm with . or Enter, or press ? or * to list all spells.
Aiming: Searing Ray (safe; 3% risk of failure)
Press: ? - help, Shift-Dir - straight line, f/p - phantom
Aim: a phantom (heavily damaged, 69% to hit)
The searing ray hits the phantom!
The phantom is severely damaged.
The searing ray hits the plant.
The plant begins to die.
The plant is lightly damaged. (Press . to maintain the ray.)
The phantom barely misses you.
The searing ray misses the phantom.
The searing ray hits the plant!
The plant is lightly damaged.
The phantom hits you.
The searing ray hits the phantom.
The phantom is severely damaged.
The searing ray hits the plant.
The plant is lightly damaged.
The phantom hits you!
* * * LOW HITPOINT WARNING * * *
The phantom blinks!
You blink.
Casting: Searing Ray (safe; 3% risk of failure)
Confirm with . or Enter, or press ? or * to list all spells.
Aiming: Searing Ray (safe; 3% risk of failure)
Press: ? - help, Shift-Dir - straight line, f/p - phantom
Aim: a phantom (severely damaged, 69% to hit)
The searing ray hits the phantom.
The phantom is almost destroyed. (Press . to maintain the ray.)
* * * LOW HITPOINT WARNING * * *
A nearby plant withers and dies.
The phantom hits you.
You die...

#.# #####PP## #...... #.#
#..§.≈≈P# #......
#######.######...§≈♣.######......
......)......+....≈≈♣'..........>
.###.##.######.....≈.#..###......
.# #.##.# #.......#..# #...... .#
#.##.# #..!....#..# #...... .#
#....######.......#..# ####### .#
#>.......##.W@....#..# .#
##.#####..#########..# .# #.#
##.# #..# .# #.# #.# #..# ## #.#
#.## #..# #.######..########..#
#..)..##............#
#######.##..########.##
#.....#................


You could see a phantom.

Vanquished Creatures
  A scorpion (D:3)
  5 adders
  4 orcs
  3 bats
  2 endoplasms
  5 goblins
  10 hobgoblins
  2 quokkas
  5 ball pythons
  4 frilled lizards
  3 kobolds
  7 rats
51 creatures vanquished.

Vanquished Creatures (others)
  A plant (D:4)
1 creature vanquished.

Grand Total: 52 creatures vanquished

Notes
Turn   | Place    | Note
-------+----------+-------------------------------------------
     0 | D:1      | porpoise the Djinni Conjurer began the quest for the Orb.
     0 | D:1      | Reached XP level 1. HP: 15/15 MP: 0/0
   215 | D:1      | Reached XP level 2. HP: 17/22 MP: 0/0
   285 | D:1      | Reached skill level 1 in Fighting
   482 | D:1      | Found a faded altar of an unknown god.
   865 | D:1      | Reached XP level 3. HP: 25/27 MP: 0/0
   865 | D:1      | Learned a level 1 spell: Shock
   949 | D:1      | You are sucked into a shaft and drop 1 floor!
  1404 | D:2      | Reached XP level 4. HP: 27/33 MP: 0/0
  2572 | D:3      | Found Qutsumeel's Magic Scroll Emporium.
  2745 | D:3      | Reached XP level 5. HP: 35/39 MP: 0/0
  2745 | D:3      | Learned a level 2 spell: Poisonous Vapours
  2815 | D:3      | Reached skill level 4 in Spellcasting
  3295 | D:4      | Noticed a phantom
  3304 | D:4      | Slain by a phantom

Illustrated notes

Levels and vault maps discovered:
D:1:      minmay_arrival_four_circles, layout_loops_ring,
          nicolae_ecumenical_snake_handling, hangedman_decor_clover_reticule,
          minmay_domino_4
D:2:      layout_rooms
D:3:      layout_rooms, mainiacjoe_overflow_six_doors_small, serial_shops,
          nicolae_square_shop, minmay_starry_boxes
D:4:      layout_basic, gammafunk_ghost_smash, serial_bayou_pond_d

Skill      XL: |  1  2  3  4  5 |
---------------+----------------+-----
Fighting       | 1 2 |  2.9
Stealth        | 2 |  2.5
Spellcasting   | 4 |  4.1
Dodging        | |  2.1

Action                   |  1- 3 |  4- 6 || total
-------------------------+-------+-------++-------
Melee: Hand axe          |       |     7 ||     7
 Cast: Magic Dart        |    53 |    20 ||    73
       Searing Ray       |     2 |    13 ||    15
  Use: Scroll            |       |     2 ||     2
Armor: Robe              |     1 |     4 ||     5
Dodge: Dodged            |     2 |    11 ||    13

Table legend: (Time is in decaauts)
 A = Elapsed time spent in this place.
 B = Non-inter-level travel time spent in this place.
 C = Inter-level travel time spent in this place.
 D = Time resting spent in this place.
 E = Time spent auto-exploring this place.
 F = Levels seen in this place.
 G = Mean time per level.
                   A        B        C        D        E       F      G
               +--------+--------+--------+--------+--------+-----+--------+
         Total |   3304 |   3248 |     56 |   1494 |   1485 |   4 |  826.0 |
       Dungeon |   3304 |   3248 |     56 |   1494 |   1485 |   4 |  826.0 |
               +--------+--------+--------+--------+--------+-----+--------+

Top non-repeatable levels by time:
     D:1: 1238 daAuts
     D:3: 1082 daAuts
     D:2: 763 daAuts
     D:4: 220 daAuts
